 Dungeon Crawl Stone Soup version 0.20.1-1-g8b1a95d (console) character file.

43428 hilaritas the Grappler (level 13, -1/199 HPs)
             Began as a Troll Berserker on Aug 27, 2017.
             Was a High Priest of Trog.
             Slain by a seven-headed hydra (16 damage)
             ... on level 6 of the Lair of Beasts.
             The game lasted 00:43:32 (17325 turns).

hilaritas the Grappler (Troll Berserker)           Turns: 17325, Time: 00:43:32

Health: -1/199     AC: 10    Str: 34    XL:     13   Next: 90%
Magic:  0/15       EV: 13    Int:  6    God:    Trog [*****.]
Gold:   626        SH: 17    Dex:  9    Spells: 12/12 levels left

rFire    + . .     SeeInvis +   Q - +8 quick blade
rCold    + . .     Gourm    +   g - +5 shield {rF+}
rNeg     . . .     Faith    +   l - +4 robe of Ihomeap {rPois Regen+ Stlth+}
rPois    +         Spirit   +   p - +1 hat
rElec    .         Reflect  .   Y - scarf {Spirit}
rCorr    .         Harm     .   (gloves unavailable)
MR       .....                  (boots unavailable)
Stlth    ..........             J - amulet of faith
Regen    1.3/turn               k - ring of see invisible
MPRegen  0.2/turn               G - ring of protection from cold

@: berserking, lethally poisoned (-1 -> -1), very quick
A: unfitting armour, claws 3, fast metabolism 3, gourmand, regeneration 1,
shaggy fur 1, tough skin 2
a: Berserk, Trog's Hand, Brothers in Arms, Burn Spellbooks, Renounce Religion


You were on level 6 of the Lair of Beasts.
You worshipped Trog.
Trog was extremely pleased with you.
You were very full.

You visited 2 branches of the dungeon, and saw 19 of its levels.
You also visited: Sewer.

You collected 1084 gold pieces.
You spent 458 gold pieces at shops.

Inventory:

Hand Weapons
 Q - a +8 quick blade (weapon)
Missiles
 t - 7 large rocks (quivered)
Armour
 g - a +5 shield of fire resistance (worn)
 l - the +4 robe of Ihomeap (worn) {rPois Regen+ Stlth+}
   (You found it on level 1 of the Lair of Beasts)

   It protects you from poison.
   It increases your rate of regeneration.
   It makes you more stealthy.
 p - a +1 hat (worn)
 z - a +2 robe of resistance
 X - +0 acid dragon scales
 Y - a scarf of spirit shield (worn)
Jewellery
 k - a ring of see invisible (left claw)
 o - an uncursed ring of resist corrosion
 E - a +5 ring of protection
 G - a ring of protection from cold (right claw)
 J - an amulet of faith (around neck)
Wands
 r - a wand of scattershot (8/9)
 v - a wand of digging (4/24)
 x - a wand of acid (8/15)
 y - a wand of iceblast (7/15)
 B - a wand of confusion (28/48)
 K - a wand of confusion (32/48)
 T - a wand of iceblast (3/15)
Scrolls
 e - 5 scrolls of identify
 h - 10 scrolls of remove curse
 i - 10 scrolls of teleportation
 j - 3 scrolls of fog
 w - 5 scrolls of enchant armour
 I - 3 scrolls of magic mapping
 N - a scroll of fear
 P - 2 scrolls of blinking
Potions
 a - a potion of degeneration {unknown}
 d - 2 potions of invisibility
 f - 2 potions of berserk rage
 m - 4 potions of lignification
 n - 4 potions of heal wounds
 s - 2 potions of magic
 u - 2 potions of mutation {unknown}
 A - 5 potions of might
 C - 6 potions of curing
 D - a potion of flight {unknown}
 F - 2 potions of haste {unknown}
 M - a potion of resistance {unknown}
 U - a potion of agility
 Z - a potion of brilliance {unknown}
Books
 R - a Young Poisoner's Handbook

   Spells                             Type                      Level
   a - Sting                          Conjuration/Poison           1
   b - Poisonous Vapours              Poison/Air                   2
   c - Mephitic Cloud                 Conjuration/Poison/Air       3
   d - Olgreb's Toxic Radiance        Poison                       4
   e - Venom Bolt                     Conjuration/Poison           5
   Trog disapproves of the use of such an item.
 V - a book of Enchantments

   Spells                             Type                      Level
   a - Cause Fear                     Hexes                        4
   b - Yara's Violent Unravelling     Hexes/Transmutation          5
   c - Silence                        Hexes/Air                    5
   d - Deflect Missiles               Charms/Air                   6
   e - Discord                        Hexes                        8
   Trog disapproves of the use of such an item.
Comestibles
 b - 16 bread rations
 c - 12 royal jellies
 q - 17 fruits
 H - 9 meat rations
 L - 13 chunks of flesh


   Skills:
 + Level 10.3 Fighting
 - Level 6.0 Armour
 - Level 8.1 Dodging
 - Level 9.0 Shields
 * Level 13.2 Unarmed Combat
 - Level 5.0 Evocations


You had 12 spell levels left.
You didn't know any spells.

Dungeon Overview and Level Annotations

Branches:
Dungeon (13/15)            Temple (0/1) D:4            Lair (6/6) D:8
  Swamp (0/4) Lair:3        Snake (0/4) Lair:3        Slime (0/5) Lair:5
    Orc (0/2) D:12         Vaults (0/5) D:13

Altars:
Cheibriados
Dithmenos
Nemelex Xobeh
Xom

Shops:
D:10 *

Annotations:
Lair:2 exclusion: oklob plant


Innate Abilities, Weirdness & Mutations

You are too large for most types of armour.
You have claws for hands.
Your metabolism is lightning-fast.
You like to eat raw meat.
Your natural rate of healing is unusually fast.
You are covered in fur. (AC +1)
You have very tough skin. (AC +2)


Message History

* * * LOW HITPOINT WARNING * * *
You block the seven-headed hydra's attack.
The seven-headed hydra bites you.
* * * LOW HITPOINT WARNING * * *
The seven-headed hydra bites you.
* * * LOW HITPOINT WARNING * * *
You barely miss the seven-headed hydra.
The seven-headed hydra is severely wounded.
You feel sick. The spiny frog closely misses you.
You puncture the seven-headed hydra!
The seven-headed hydra is almost dead.
You feel sick.
You block the seven-headed hydra's attack.
The seven-headed hydra bites you but does no damage.
The seven-headed hydra bites you!
* * * LOW HITPOINT WARNING * * *
The seven-headed hydra bites you!
* * * LOW HITPOINT WARNING * * *
The seven-headed hydra bites you!
You die...

........# #.......P
#........ #........
##........ ..
#####........P
...########..##..F......
...#.#..##..#.#.@D......
........................
........................
........................
........................
..|.....<..........)....
........................
........................
..........#)######.##..


You could see a seven-headed hydra and a spiny frog.

Vanquished Creatures
  Nessos (Lair:4)
  Snorg (Lair:4)
  A rakshasa (D:13)
  A hydra (Lair:4)
  A centaur warrior (D:13)
  4 two-headed ogres
  The ghost of p0werm0de the Fighter, a novice DsBe of Trog (D:10)
  2 catoblepae
  The ghost of p0werm0de the Fighter, a novice DsBe of Trog (D:8)
  A tengu warrior (D:12)
  Sonja (Lair:2)
  2 unseen horrors (D:12)
  A necromancer (Lair:4)
  The ghost of p0werm0de the Skirmisher, a novice DsBe of Trog (D:6)
  2 ugly things
  A cyclops (D:11)
  A deep elf mage (D:13)
  A manticore (D:12)
  4 elephants (Lair:3)
  2 centaur zombies
  The ghost of shugdite the Slasher, a novice MiFi (D:4)
  2 black mambas
  10 spiny frogs
  4 centaur skeletons
  A rime drake (Lair:3)
  2 kobold demonologists
  A komodo dragon (Lair:1)
  2 trolls
  2 hornets (D:10)
  13 blink frogs
  7 hippogriffs
  A shadow (D:12)
  2 wyverns
  3 hogs (D:9)
  3 basilisks
  A human (D:9)
  A vampire (D:13)
  34 yaks
  2 hungry ghosts
  A steam dragon (D:10)
  4 vampire mosquitoes (D:13)
  Edmund (D:5)
  Menkaure (D:5)
  3 nagas (Lair:3)
  12 water moccasins
  An acid dragon (D:13)
  9 porcupines
  Duvessa (D:4)
  6 orc warriors
  3 ice beasts
  3 sky beasts
  2 black bears (D:8)
  2 ogres
  4 phantoms
  2 elephant zombies (Lair:4)
  An eye of draining (D:12)
  2 necrophages
  3 centaurs
  12 crocodiles
  Blork the orc (D:5)
  13 bullfrogs
  A wyvern zombie (D:11)
  4 scorpions
  2 wyvern skeletons
  Dowan (D:4)
  4 killer bees (D:11)
  3 howler monkeys (D:9)
  5 electric eels
  2 bullfrog zombies
  8 crimson imps
  2 quasits
  A basilisk zombie (Lair:4)
  2 hounds
  3 orc priests
  2 jellies
  5 bullfrog skeletons
  An iguana (D:11)
  Natasha (thrice) (D:3)
  13 orc wizards
  11 worker ants
  2 hound skeletons
  A worker ant zombie (D:8)
  3 gnolls (D:5)
  14 adders
  2 shadow imps
  An adder skeleton (D:10)
  4 worms
  2 dart slugs
  4 leopard geckos
  49 orcs
  9 giant cockroaches
  8 goblins
  7 hobgoblins
  23 jackals
  12 kobolds
  5 quokkas
  3 ball pythons
  6 bats
  10 frilled lizards
  A jackal skeleton (D:4)
  A quokka skeleton (D:5)
  12 rats
461 creatures vanquished.

Vanquished Creatures (others)
  3 fungi
3 creatures vanquished.

Grand Total: 464 creatures vanquished

Notes
Turn   | Place    | Note
-------+----------+-------------------------------------------
     0 | D:1      | hilaritas the Troll Berserker began the quest for the Orb.
     0 | D:1      | Reached XP level 1. HP: 22/22 MP: 0/0
   550 | D:1      | Reached XP level 2. HP: 29/29 MP: 1/1
   621 | D:1      | Reached skill level 4 in Unarmed Combat
  1004 | D:1      | Reached XP level 3. HP: 36/36 MP: 2/2
  1167 | D:2      | Found a sparkling altar of Nemelex Xobeh.
  1192 | D:2      | Reached ** piety under Trog
  1721 | D:2      | Reached skill level 5 in Unarmed Combat
  1721 | D:2      | Reached XP level 4. HP: 42/44 MP: 3/3
  2274 | D:3      | Found a transporter.
  2274 | D:3      | Noticed Natasha
  2281 | D:3      | Killed Natasha
  2386 | D:3      | Found a transporter.
  2439 | D:3      | Noticed Natasha
  2447 | D:3      | Killed Natasha
  2504 | D:3      | Reached XP level 5. HP: 49/50 MP: 4/4
  2572 | D:3      | Found a faded altar of an unknown god.
  2602 | D:3      | Noticed Natasha
  2614 | D:3      | Killed Natasha
  2614 | D:3      | Reached skill level 6 in Unarmed Combat
  3025 | D:4      | Found a staircase to the Ecumenical Temple.
  3025 | D:4      | Noticed shugdite's ghost (novice MiFi)
  3036 | D:4      | Killed shugdite's ghost
  3036 | D:4      | Reached skill level 8 in Unarmed Combat
  3036 | D:4      | Reached XP level 6. HP: 59/59 MP: 5/5
  3036 | D:4      | Reached XP level 7. HP: 66/66 MP: 6/6
  3078 | D:4      | Reached *** piety under Trog
  3492 | D:4      | Noticed Duvessa
  3494 | D:4      | Noticed Dowan
  3504 | D:4      | Killed Dowan
  3510 | D:4      | Killed Duvessa
  3951 | D:4      | Reached skill level 9 in Unarmed Combat
  4085 | D:5      | Entered Level 5 of the Dungeon
  4109 | D:5      | Noticed Menkaure
  4115 | D:5      | Killed Menkaure
  4119 | D:5      | Reached XP level 8. HP: 68/74 MP: 7/7
  4163 | D:5      | Reached skill level 10 in Unarmed Combat
  4405 | D:5      | Noticed Blork the orc
  4406 | D:5      | Noticed Edmund
  4420 | D:5      | Killed Edmund
  4425 | D:5      | Killed Blork the orc
  4449 | D:5      | Found a glowing drain.
  4462 | Sewer    | Entered a sewer
  4773 | Sewer    | Reached **** piety under Trog
  5727 | D:6      | Noticed p0werm0de's ghost (novice DsBe)
  5741 | D:6      | Killed p0werm0de's ghost
  5741 | D:6      | Reached XP level 9. HP: 22/87 MP: 8/8
  5895 | D:6      | Reached skill level 5 in Fighting
  5988 | D:6      | Noticed a kobold demonologist
  5996 | D:6      | Noticed a hellwing
  6000 | D:6      | Killed a kobold demonologist
  6000 | D:6      | Reached skill level 5 in Dodging
  6902 | D:7      | Reached skill level 1 in Shields
  7163 | D:8      | Noticed p0werm0de's ghost (novice DsBe)
  7195 | D:8      | Killed p0werm0de's ghost
  7361 | D:8      | Reached XP level 10. HP: 64/100 MP: 9/9
  7373 | D:8      | Found a staircase to the Lair.
  7500 | D:8      | Identified a scroll of acquirement
  7541 | D:8      | Reached ***** piety under Trog
  7684 | D:8      | Reached skill level 5 in Shields
  8637 | D:10     | Entered Level 10 of the Dungeon
  8682 | D:10     | Noticed p0werm0de's ghost (novice DsBe)
  8699 | D:10     | Killed p0werm0de's ghost
  8908 | D:10     | Found Erghoalea's Assorted Antiques.
  8916 | D:10     | Bought a runed garnet ring for 165 gold pieces
  8916 | D:10     | Bought a bubbling emerald potion for 29 gold pieces
  8937 | D:10     | Received a gift from Trog
  9150 | D:10     | Reached XP level 11. HP: 110/110 MP: 10/10
  9225 | D:10     | Noticed a two-headed ogre
  9228 | D:10     | Killed a two-headed ogre
  9253 | D:10     | Noticed a two-headed ogre
  9262 | D:10     | Killed a two-headed ogre
  9620 | D:11     | Noticed a white ugly thing
  9631 | D:11     | Killed a white ugly thing
  9675 | D:11     | Received a gift from Trog
 10280 | D:12     | Noticed an unseen horror
 10292 | D:12     | Killed an unseen horror
 10302 | D:12     | Noticed a purple ugly thing
 10307 | D:12     | Noticed a tengu warrior
 10317 | D:12     | Killed a purple ugly thing
 10323 | D:12     | Killed a tengu warrior
 10368 | D:12     | Got a blackened hat
 10379 | D:12     | Identified the +2 hat of Intercession {rPois Str-5 Int+3} (You found it on level 12 of the Dungeon)
 10483 | D:12     | Found a shimmering altar of Xom.
 10491 | D:12     | Reached XP level 12. HP: 126/126 MP: 11/11
 10837 | D:12     | Reached skill level 10 in Fighting
 10849 | D:12     | Found a staircase to the Orcish Mines.
 10988 | D:13     | Found a shadowy altar of Dithmenos.
 11089 | D:13     | Noticed a two-headed ogre
 11099 | D:13     | Reached skill level 1 in Armour
 11103 | D:13     | Killed a two-headed ogre
 11110 | D:13     | Found a gate to the Vaults.
 11205 | D:13     | Noticed a rakshasa
 11214 | D:13     | Noticed a centaur warrior
 11223 | D:13     | Noticed a centaur warrior
 11236 | D:13     | Killed a rakshasa
 11247 | D:13     | Killed a centaur warrior
 11302 | D:13     | Noticed a two-headed ogre
 11313 | D:13     | Killed a two-headed ogre
 11313 | D:13     | Reached skill level 1 in Evocations
 11737 | D:10     | Bought an embroidered scarf for 264 gold pieces
 11908 | Lair:1   | Entered Level 1 of the Lair of Beasts
 12335 | Lair:1   | Got a faintly humming robe
 12346 | Lair:1   | Identified the +4 robe of Ihomeap {rPois Regen+ Stlth+} (You found it on level 1 of the Lair of Beasts)
 12425 | Lair:1   | Received a gift from Trog
 13013 | Lair:2   | Noticed Sonja
 13148 | Lair:2   | Reached skill level 5 in Armour
 13230 | Lair:2   | Reached XP level 13. HP: 107/133 MP: 11/15
 13263 | Lair:2   | Killed Sonja
 14004 | Lair:3   | Found a staircase to the Snake Pit.
 14187 | Lair:3   | Found a staircase to the Swamp.
 14201 | Lair:3   | Reached skill level 5 in Evocations
 14542 | Lair:3   | Reached skill level 11 in Unarmed Combat
 14994 | Lair:4   | Noticed Nessos
 15025 | Lair:4   | Killed Nessos
 15269 | Lair:4   | Reached skill level 12 in Unarmed Combat
 15279 | Lair:4   | Received a gift from Trog
 15429 | Lair:4   | Noticed Snorg
 15435 | Lair:4   | Killed Snorg
 16077 | Lair:5   | Found a snail-covered altar of Cheibriados.
 16673 | Lair:5   | Found a staircase to the Slime Pits.
 16829 | Lair:5   | Reached skill level 13 in Unarmed Combat
 17127 | Lair:6   | Entered Level 6 of the Lair of Beasts
 17325 | Lair:6   | Slain by a seven-headed hydra

Skill      XL: |  1  2  3  4  5  6  7  8  9 10 11 12 13 |
---------------+----------------------------------------+-----
Unarmed Combat | 4 5 8 9 10 13 | 13.2
Fighting       | 4 6 7 9 10 | 10.3
Dodging        | 4 5 6 8 |  8.1
Shields        | 4 7 9 |  9.0
Armour         | 5 6 |  6.0
Evocations     | 4 5 |  5.0

Action                   |  1- 3 |  4- 6 |  7- 9 | 10-12 | 13-15 || total
-------------------------+-------+-------+-------+-------+-------++-------
Melee: Unarmed           |    78 |    97 |   318 |   820 |   391 ||  1704
       Punch             |       |     1 |    11 |       |       ||    12
       Quick blade       |       |       |       |       |    24 ||    24
Throw: Large rock        |       |       |     1 |     8 |     4 ||    13
Invok: Berserk           |       |     1 |     4 |     2 |     3 ||    10
       Trog's Hand       |       |       |     1 |     4 |     3 ||     8
       Burn Spellbooks   |       |       |       |     1 |       ||     1
       Brothers in Arms  |       |       |       |     1 |       ||     1
Evoke: Wand              |       |       |     1 |       |       ||     1
  Use: Scroll            |       |       |    11 |    10 |     7 ||    28
 Stab: Sleeping          |       |       |       |       |     4 ||     4
  Eat: Chunk             |    21 |    12 |    46 |    70 |    41 ||   190
Armor: Animal skin       |    26 |    37 |     1 |       |       ||    64
       Robe              |       |       |    90 |   140 |    65 ||   295
       Acid dragon scale |       |       |       |     8 |       ||     8
Dodge: Dodged            |    41 |    45 |    94 |   226 |   140 ||   546
Block: Large shield      |       |       |    53 |    35 |       ||    88
       Shield            |       |       |       |   394 |   220 ||   614
